 Dungeon Crawl Stone Soup version 0.13-a0-2505-g5f0fbe2 (webtiles) character file.

347 Juliette the Digger (level 6, -5/32 HPs)
             Began as a Gargoyle Earth Elementalist on July 23, 2013.
             Killed by divine providence
             ... invoked by an orc priest
              (16 damage)
             ... on Level 4 of the Dungeon.
             The game lasted 00:24:30 (3985 turns).

Juliette the Digger (Gargoyle Earth Elementalist)   Turns: 3985, Time: 00:24:35

HP  -5/32        AC 12     Str 12      XL: 6   Next:  1%
MP   6/14        EV 12     Int 17      God:
Gold 121         SH  0     Dex 10      Spells:  2 memorised, 10 levels left

Res.Fire  : . . .   See Invis. : .   b - 59 stones
Res.Cold  : . . .   Warding    : .   c - +0 robe
Life Prot.: + . .   Conserve   : .   (no shield)
Res.Poison: +       Res.Corr.  : .   (no helmet)
Res.Elec. : +       Clarity    : .   (no cloak)
Sust.Abil.: . .     Spirit.Shd : .   (no gloves)
Res.Mut.  : +       Stasis     : .   (no boots)
Res.Rott. : +       Flight     : .   f - amulet of resist mutation {unknown}
Saprovore : . . .                    (no ring)
                                     (no ring)

@: stone skin, slightly resistant to hostile enchantments, fairly stealthy
A: fangs 1, talons 2, life protection 1, electricity resistance, slow metabolism
1, unbreathing, petrification resistance, AC +7
a: no special abilities


You were on level 4 of the Dungeon.
You were not hungry.

You visited 1 branch of the dungeon, and saw 4 of its levels.

You collected 101 gold pieces.

Inventory:

Hand weapons
 l - a -1,+0 orcish club
 p - a +0,+0 mace
Missiles
 b - 59 stones (in hand)
Armour
 c - a +0 robe (worn)
 e - a +2 ring mail
 w - a +0 ring mail
Comestibles
 a - 2 bread rations
 i - 4 meat rations
 z - 2 chunks of iguana flesh
Scrolls
 j - a scroll of remove curse {unknown}
 k - a scroll of amnesia {unknown}
 m - 4 scrolls of identify {unknown}
 q - a scroll of enchant weapon I {unknown}
 s - a scroll of fear {unknown}
 t - a scroll of teleportation {unknown}
 u - a scroll of curse jewellery {unknown}
 x - a scroll of recharging {unknown}
Jewellery
 f - an amulet of resist mutation (around neck) {unknown}
 o - an uncursed amulet of warding {unknown}
 r - an uncursed ring of see invisible {unknown}
Potions
 g - a potion of resistance {unknown}
 h - 2 potions of curing {unknown}
 n - 2 potions of agility {unknown}
 v - 2 potions of poison {unknown}
 A - a potion of paralysis {unknown}
Books
 d - a book of Geomancy

   Spells                             Type                      Level
   *Sandblast                         Earth                        1
   *Stoneskin                         Transmutation/Earth          2
   Passwall                           Transmutation/Earth          3
   Stone Arrow                        Conjuration/Earth            3
   Petrify                            Transmutation/Earth          4
   Lee's Rapid Deconstruction         Earth                        5


   Skills:
 * Level 2.2 Armour
 - Level 2.0 Dodging
 - Level 2.1 Stealth
 - Level 4.0 Spellcasting
 - Level 0.7 Transmutations
 - Level 5.0 Earth Magic


You had 10 spell levels left.
You knew the following spells:

 Your Spells              Type           Power        Failure   Level  Hunger
a - Sandblast             Erth           ###...       1%          1    None
b - Stoneskin             Trmt/Erth      ##........   10%         2    ##.....


Dungeon Overview and Level Annotations

Branches:
Dungeon (4/27)
 Temple: D:4-7

Altars:
Cheibriados
Makhleb
Vehumet
Yredelemnul


Innate Abilities, Weirdness & Mutations

You are resistant to torment.
You are immune to poison.
Your stone body is very resilient (AC +7).
You have very sharp teeth.
You have razor-sharp toenails.
You resist negative energy.
You are resistant to electric shocks.
You have a slow metabolism.
You can survive without breathing.
You are immune to petrification.


Message History

Press: ? - help, Shift-Dir - straight line, f/p - orc wizard
Aim: an orc wizard, wielding an orcish dagger and wearing an orcish robe (lightly wounded)
The rocky blast hits the orc wizard.
The orc wizard is almost dead.
Casting: Sandblast
Confirm with . or Enter, or press ? or * to list all spells.
Aiming: Sandblast
Press: ? - help, Shift-Dir - straight line, f/p - orc wizard
Aim: an orc wizard, wielding an orcish dagger and wearing an orcish robe (almost dead)
The rocky blast hits the orc wizard.
You kill the orc wizard!
Your Armour skill increases to level 2!
You have reached level 6!
Your experience leads to an increase in your attributes!
Increase (S)trength, (I)ntelligence, or (D)exterity?
You feel clever.
The orc priest calls down the wrath of Beogh upon you.
Something smites you!
Ouch! That really hurt!
You die...

.......................
........................
.........................
..........................
....................#.....
........?..........###....
...................## ##...
....o...............###....
.....o..).@...)......#.....
...........................
.o.........................
...........................
...........................
........)..................
...........................
...........................
...........................


You could see an orc priest and an orc wizard.

Vanquished Creatures
  2 orc wizards
  An iguana (D:4)
  A giant mite (D:2)
  6 adders (D:2)
  A worm (D:2)
  An adder skeleton (D:3)
  6 giant geckos
  3 orcs (D:3)
  6 bats
  4 giant cockroaches
  10 hobgoblins
  10 jackals
  5 giant newts
  6 goblins
  3 kobolds (D:2)
  4 rats
69 creatures vanquished.

Notes
Turn   | Place    | Note
--------------------------------------------------------------
     0 | D:1      | Juliette, the Gargoyle Earth Elementalist, began the quest for the Orb.
     0 | D:1      | Reached XP level 1. HP: 10/10 MP: 3/3
    73 | D:1      | Reached XP level 2. HP: 7/15 MP: 2/4
   960 | D:1      | Learned a level 2 spell: Stoneskin
  1001 | D:1      | Reached XP level 3. HP: 19/19 MP: 3/5
  1090 | D:1      | Reached skill level 5 in Earth Magic
  1766 | D:2      | Reached XP level 4. HP: 20/24 MP: 6/8
  2061 | D:2      | Found a snail-covered altar of Cheibriados.
  2795 | D:2      | Found a burning altar of Makhleb.
  2797 | D:2      | Found a radiant altar of Vehumet.
  2828 | D:2      | Reached XP level 5. HP: 25/28 MP: 6/11
  3238 | D:3      | Found a basalt altar of Yredelemnul.
  3858 | D:4      | Reached skill level 1 in Armour
  3985 | D:4      | Reached XP level 6. HP: 11/32 MP: 7/14
  3985 | D:4      | Killed from afar by an orc priest

Action                   |  1- 3 |  4- 6 || total
-------------------------+-------+-------++-------
Melee: Unarmed           |   108 |       ||   108
       Club              |     9 |    49 ||    58
       Mace              |       |    33 ||    33
Throw: Stone             |       |     1 ||     1
 Cast: Sandblast         |    46 |    55 ||   101
       Stoneskin         |       |     5 ||     5
 Stab: Sleeping          |       |     1 ||     1
